 Dungeon Crawl Stone Soup version 0.28-a0-983-g1de4e0787c (webtiles) character file.

Game seed: 3433738775274104518

139 siradein the Covered (level 5, -1/33 HPs)
             Began as a Tengu Fighter on Dec 2, 2021.
             Succumbed to a scorpion's poison
             ... on level 3 of the Dungeon on Dec 3, 2021.
             The game lasted 00:06:16 (2538 turns).

siradein the Covered (Tengu Fighter)                Turns: 2538, Time: 00:06:16

Health: -1/33      AC:  8    Str: 18    XL:     5   Next: 22%
Magic:  6/6        EV: 11    Int:  9    God:
Gold:   77         SH:  5    Dex: 13    Spells: 4/4 levels left

rFire   . . .      SeeInvis .   g - +0 falchion (holy)
rCold   . . .      Faith    .   c - +0 buckler
rNeg    . . .      Spirit   .   b - +0 scale mail
rPois   .          Reflect  .   (helmet restricted)
rElec   .          Harm     .   e - +0 cloak
rCorr   .          Rampage  .   (no gloves)
Will    .....                   (boots unavailable)
Stlth   ..........              (no amulet)
HPRegen 0.11/turn               (no ring)
MPRegen 0.10/turn               (no ring)

@: lethally poisoned (-1 -> -9), flying quickly and evasively, quick
A: beak, talons 3, nimble flight
a: no special abilities


You were on level 3 of the Dungeon.
You visited 1 branch of the dungeon, and saw 3 of its levels.

You collected 77 gold pieces.

Inventory:

Hand Weapons
 a - a +0 long sword
 g - a +0 falchion of holy wrath (weapon)
Missiles
 p - 16 poisoned darts (quivered)
 s - a throwing net
Armour
 b - a +0 scale mail (worn)
 c - a +0 buckler (worn)
 e - a +0 cloak (worn)
Jewellery
 j - an amulet of magic regeneration
 l - a ring of poison resistance
Scrolls
 f - a scroll of magic mapping {unknown}
 h - a scroll of enchant weapon {unknown}
 o - a scroll of identify {unknown}
 q - 2 scrolls of noise {unknown}
 r - a scroll of silence {unknown}
Potions
 d - 2 potions of might
 i - a potion of degeneration {unknown}
 k - a potion of curing {unknown}
 m - a potion of invisibility {unknown}
 n - a potion of flight {unknown}
 t - a potion of mutation {unknown}
 u - a potion of brilliance {unknown}


   Skills:
 + Level 3.8 Fighting
 + Level 3.4 Long Blades
 + Level 4.2 Armour
 + Level 0.3 Dodging
 + Level 3.8 Shields


You had 4 spell levels left.
You didn't know any spells.
Your spell library contained the following spells:

 Spells                   Type           Power      Damage    Failure   Level
 Slow                     Hex            0%         N/A       77%         1
 Sublimation of Blood     Necr           0%         N/A       88%         2
 Wereblood                Tmut           0%         N/A       88%         2
 Confusing Touch          Hex            0%         N/A       98%         3
 Yara's Violent Unravell  Hex/Tmut       0%         3d3       100%        5
 Summon Hydra             Summ           0%         N/A       100%        7


Dungeon Overview and Level Annotations

Branches:
Dungeon (3/15)

Altars:

Shops:
D:1 =


Innate Abilities, Weirdness & Mutations

You have a beak for a mouth.
You have claws for feet.
Your magical nature lets you fly swiftly and evasively.


Message History

A dart slug comes into view.
There is an open door here.
You hit the dart slug but do no damage.
You claw the dart slug, but do no damage.
A scorpion comes into view.
The dart slug completely misses you.
You hit the dart slug. You claw the dart slug.
You kill the dart slug!
You see here a dart slug corpse.
You hit the scorpion.
You claw the scorpion, but do no damage.
You peck the scorpion, but do no damage.
The scorpion is lightly wounded.
The scorpion stings you!
You are poisoned.
The scorpion poisons you! The scorpion barely misses you.
You barely miss the scorpion.
The scorpion is lightly wounded.
You feel very sick.
A quokka comes into view.
The scorpion barely misses you.
You closely miss the scorpion.
You peck the scorpion, but do no damage.
The scorpion is lightly wounded.
You feel sick. The scorpion stings you.
You are lethally poisoned!
The scorpion poisons you!
You are too injured to fight recklessly!
Unknown command.
You feel very sick. The scorpion stings you.
* * * LOW HITPOINT WARNING * * *
There is an open door here.
* * * LOW HITPOINT WARNING * * *
You feel very sick.
* * * LOW HITPOINT WARNING * * *
You feel sick.
* * * LOW HITPOINT WARNING * * *
You feel sick.
You die...

#... ..# ## #.# #.. #†# #.#
##r## #.# ##...## #.#
##....s## #.### ##.......##
#.#.##
#........@###....########
........)..'...#..........
##..........####...########
#.#.......## #..##
#.##.....## #.##
##...#######.#
##+##.......# #. #.#####.#
#.####.##.### #.#


You could see a scorpion and a quokka.

Vanquished Creatures
  An adder (D:2)
  4 gnolls (D:3)
  A worm (D:3)
  6 dart slugs
  3 orcs (D:3)
  6 endoplasms
  A giant cockroach (D:1)
  2 hobgoblins (D:2)
  13 jackals
  6 kobolds
  11 ball pythons
  3 bats
  2 frilled lizards
  7 goblins
  7 rats
73 creatures vanquished.

Vanquished Creatures (others)
  A plant (D:1)
1 creature vanquished.

Grand Total: 74 creatures vanquished

Notes
Turn   | Place    | Note
-------+----------+-------------------------------------------
     0 | D:1      | siradein the Tengu Fighter began the quest for the Orb.
     0 | D:1      | Reached XP level 1. HP: 14/14 MP: 2/2
   137 | D:1      | Reached XP level 2. HP: 13/19 MP: 3/3
   329 | D:1      | Found a faded altar of an unknown god.
   451 | D:1      | Reached XP level 3. HP: 20/23 MP: 4/4
   716 | D:1      | Found Xutaowk's Jewellery Emporium.
  1138 | D:2      | Reached XP level 4. HP: 28/28 MP: 5/5
  1489 | D:2      | Reached skill level 4 in Armour
  1792 | D:3      | Gained mutation: Your magical nature lets you fly swiftly
                  | and evasively. [Tengu growth]
  1792 | D:3      | Reached XP level 5. HP: 13/33 MP: 6/6
  2139 | D:3      | Noticed a sky beast
  2537 | D:3      | HP: 1/33 [poisoned by a scorpion]
  2538 | D:3      | Succumbed to a scorpion's poison

Illustrated notes

Levels and vault maps discovered:
D:1:      evilmike_arrival_hilbert_curve, layout_rooms, serial_shops, shop,
          ebering_ecumenical_altar_petrified, serial_bayou_crossing
D:2:      layout_basic
D:3:      layout_loops_corners, uniq_crazy_yiuf_cottage

Skill      XL: |  1  2  3  4 |
---------------+-------------+-----
Long Blades    | 3 |  3.4
Armour         | 4 |  4.2
Fighting       | |  3.8
Dodging        | |  0.3
Shields        | |  3.8

Action                   |  1- 3 |  4- 6 || total
-------------------------+-------+-------++-------
Melee: Long sword        |    18 |       ||    18
       Kick              |    23 |    27 ||    50
       Peck              |     9 |    15 ||    24
       Falchion          |    62 |    89 ||   151
Armor: Scale mail        |    31 |    30 ||    61
Dodge: Dodged            |    31 |    33 ||    64
Block: Buckler           |    12 |    20 ||    32

Table legend: (Time is in decaauts)
 A = Elapsed time spent in this place.
 B = Non-inter-level travel time spent in this place.
 C = Inter-level travel time spent in this place.
 D = Time resting spent in this place.
 E = Time spent auto-exploring this place.
 F = Levels seen in this place.
 G = Mean time per level.
                   A        B        C        D        E       F      G
               +--------+--------+--------+--------+--------+-----+--------+
         Total |   2542 |   2487 |     55 |    369 |   1498 |   3 |  847.3 |
       Dungeon |   2542 |   2487 |     55 |    369 |   1498 |   3 |  847.3 |
               +--------+--------+--------+--------+--------+-----+--------+

Top non-repeatable levels by time:
     D:2: 1340 daAuts
     D:1: 845 daAuts
     D:3: 356 daAuts
